Canadiens vs Predators
(R1)
Created - January 9, 2021 at 20:50
Goals
|
Canadiens |
1 |
0 |
1 |
2 |
Predators |
0 |
3 |
1 |
4 |
|
Shots
|
Canadiens |
9 |
4 |
6 |
19 |
Predators |
10 |
12 |
7 |
29 |
|
1st period
1. Canadiens , Brett Maclean 6 (Cameron Gaunce 8, Jordan Szwarz 6) at 17:35
Penalties :
Mikael Granlund (Nas) for Tripping (Minor) at 12:04, Dustin Boyd (Mon) for Hooking (Minor) at 14:40, Brett Maclean (Mon) for Goalie Interference (Minor) at 18:42
2nd period
2. Predators , Alexander Edler 6 (Ryan Kesler 20, Alexander Ovechkin 21) at 0:12 (PP)
3. Predators , Justin Abdelkader 6 (Andy Miele 6, Jaden Schwartz 14) at 11:30
4. Predators , Mark Pysyk 6 (Andy Miele 7) at 11:57 (SH)
Penalties :
Mikael Granlund (Nas) for Tripping (Minor) at 0:25, Alex Petrovic (Mon) for Holding Stick (Minor) at 4:49, Ryan Kesler (Nas) for Tripping (Minor) at 11:35, Alex Petrovic (Mon) for Holding (Minor) at 18:08
3rd period
5. Predators , Justin Faulk 6 (Byron Bitz 8, Andy Miele 8) at 0:51
6. Canadiens , Pierre-Marc Bouchard 6 (Philip Larsen 6, Kristers Gudlevskis) at 2:56 (SH)
Penalties :
Jordan Szwarz (Mon) for Roughing (Minor) at 1:53, Mikael Granlund (Nas) for Delaying the game (Minor) at 6:10, Alexander Edler (Nas) for Roughing (Minor) at 13:52, Brady Skjei (Mon) for Hooking (Minor) at 17:10, Bryce Lampman (Mon) for Hooking (Minor) at 19:49
Goalie Stats
Kristers Gudlevskis (Mon), 25 saves from 29 shots - (0.862), L, 10-13-4, 60:00 minutes
Viktor Fasth (Nas), 17 saves from 19 shots - (0.895), W, 15-9-1, 60:00 minutes
Players Stats for Canadiens
Player Name G A P +/- PIM S H SB GA TA FO MP PP MP PK MP
------------------------------------------------------------------------------------
Alex Petrovic 0 0 0 -2 4 1 2 1 0 1 0/0 15:43 0:21 4:41
Benoit Pouliot 0 0 0 1 0 0 3 1 0 0 1/1 17:10 4:08 1:40
Brady Skjei 0 0 0 0 2 1 0 1 0 0 0/0 21:55 5:09 1:31
Brett Maclean 1 0 1 0 2 3 0 0 0 0 0/0 10:40 0:42 0:00
Bryce Lampman 0 0 0 0 2 1 1 3 1 0 0/0 28:14 5:09 7:26
Cameron Gaunce 0 1 1 0 0 1 0 2 0 0 0/0 16:39 4:31 0:00
Claude Giroux 0 0 0 -2 0 2 1 1 0 0 0/1 17:33 5:06 0:00
Dustin Boyd 0 0 0 0 2 2 0 0 0 0 6/12 8:18 0:00 3:44
Frans Nielsen 0 0 0 0 0 0 1 0 1 0 8/14 18:09 4:49 3:46
Greg Stewart 0 0 0 -2 0 1 1 1 1 0 0/0 19:24 5:05 2:25
Henrik Sedin 0 0 0 -1 0 0 0 0 0 0 14/24 18:45 5:06 1:40
Jordan Szwarz 0 1 1 0 2 2 2 0 1 0 0/0 10:30 0:00 0:00
Nick Spaling 0 0 0 0 0 0 1 0 2 0 1/1 6:29 0:00 0:00
Nikolai Zherdev 0 0 0 0 0 0 0 0 0 0 0/0 6:15 0:00 0:00
Philip Larsen 0 1 1 -1 0 0 0 1 0 0 0/0 14:35 0:00 3:59
Pierre-Marc Bouchard 1 0 1 0 0 2 0 0 0 0 4/6 12:48 0:00 2:25
Raphael Diaz 0 0 0 1 0 1 2 3 1 0 0/0 23:17 4:40 5:33
Steve Downie 0 0 0 0 0 2 1 0 1 0 1/4 21:54 4:49 7:30
Players Stats for Predators
Player Name G A P +/- PIM S H SB GA TA FO MP PP MP PK MP
------------------------------------------------------------------------------------
Alex Killorn 0 0 0 -1 0 3 0 0 0 0 0/0 6:19 0:00 0:00
Alexander Edler 1 0 1 1 2 2 2 1 0 1 0/0 28:54 6:33 5:07
Alexander Ovechkin 0 1 1 0 0 3 6 0 0 1 0/2 22:47 6:47 1:28
Andy Miele 0 3 3 2 0 2 1 0 0 0 10/18 17:20 4:48 5:22
Brendan Gallagher 0 0 0 -1 0 2 1 0 0 1 1/1 16:43 4:48 2:04
Byron Bitz 0 1 1 2 0 0 3 0 0 0 0/0 10:52 0:00 2:45
Dmitri Kalinin 0 0 0 -1 0 0 0 2 0 0 0/0 10:39 0:32 0:51
Jack Eichel 0 0 0 0 0 0 0 0 0 0 1/5 10:16 0:00 0:07
Jaden Schwartz 0 1 1 -1 0 2 2 0 0 0 0/0 17:32 4:48 2:55
John Moore 0 0 0 1 0 2 2 0 0 0 0/0 21:07 5:02 4:02
Justin Abdelkader 1 0 1 2 0 1 2 0 0 0 0/0 7:05 0:00 0:00
Justin Faulk 1 0 1 1 0 2 2 0 0 0 0/0 17:40 5:02 0:46
Mark Pysyk 1 0 1 0 0 4 1 0 0 1 1/1 11:28 0:00 5:09
Mikael Granlund 0 0 0 0 6 3 1 0 1 0 2/3 21:28 6:47 0:00
Nate Schmidt 0 0 0 -1 0 1 0 2 0 1 0/0 12:48 0:00 3:24
Nik Antropov 0 0 0 -1 0 0 1 0 0 0 1/3 6:47 0:00 0:00
Ryan Kesler 0 1 1 0 2 1 3 0 0 1 12/30 21:21 6:47 0:00
Ryan Mcdonagh 0 0 0 1 0 1 2 2 0 2 0/0 28:54 6:01 5:40
3 Stars
1 - Andy Miele (Nas)
2 - Justin Abdelkader (Nas)
3 - Justin Faulk (Nas)
Power Play
Canadiens - 0 on 5 Attempt(s) - 0.00%
Predators - 1 on 7 Attempt(s) - 14.29%
Penalty Kill
Canadiens - 6 on 7 Attempt(s) - 85.71%
- Score 1 goal in Penalty Kill
Predators - 5 on 5 Attempt(s) - 100.00%
- Score 1 goal in Penalty Kill
Team Stat
Canadiens - Hits : 15 - Faceoff Wins : 35 - Blocked Shots : 14 - Penalty Minutes : 14
Predators - Hits : 29 - Faceoff Wins : 28 - Blocked Shots : 7 - Penalty Minutes : 10
Official
Referees : Unknown
Linesman : Unknown
Game Notes
Dustin Boyd is injured at 1:55 of 3rd period (Right Eye)
Finance
Level 1 -- Attendance: 4884 (81.40%) -- Ticket Income $537,240
Level 2 -- Attendance: 4289 (85.78%) -- Ticket Income $300,230
Level 3 -- Attendance: 1476 (73.80%) -- Ticket Income $73,800
Level 4 -- Attendance: 3003 (75.08%) -- Ticket Income $90,090
Luxury Box -- Attendance: 838 (83.80%) -- Ticket Income $167,600
Game was played at the Wildcat center.
Total Attendance: 14490 (80.50%)
Total Ticket Income: $1,168,960
Other Income: $175,344
Total Income: $1,344,304
Canadiens
5 vs 5 Forward
Center Left Wing Right Wing Time % Phy DF OF
1 Henrik Sedin Greg Stewart Claude Giroux 40 0 1 4
2 Frans Nielsen Benoit Pouliot Steve Downie 30 0 2 3
3 Pierre-Marc Bouchard Brett Maclean Jordan Szwarz 20 0 2 3
4 Dustin Boyd Nick Spaling Nikolai Zherdev 10 0 3 2
5 vs 5 Defense
Defense Defense Time % Phy DF OF
1 Brady Skjei Bryce Lampman 40 0 2 3
2 Cameron Gaunce Raphael Diaz 30 0 3 2
3 Philip Larsen Alex Petrovic 20 0 3 2
4 Brady Skjei Bryce Lampman 10 0 3 2
PowerPlay Forward
Center Left Wing Right Wing Time % Phy DF OF
1 Henrik Sedin Greg Stewart Claude Giroux 50 0 0 5
2 Frans Nielsen Benoit Pouliot Steve Downie 50 0 0 5
PowerPlay Defense
Defense Defense Time % Phy DF OF
1 Brady Skjei Bryce Lampman 50 0 1 4
2 Raphael Diaz Cameron Gaunce 50 0 1 4
Penalty Kill 4 Players Forward
Center Wing Time % Phy DF OF
1 Dustin Boyd Steve Downie 60 1 3 1
2 Pierre-Marc Bouchard Greg Stewart 40 1 3 1
Penalty Kill 4 Players Defense
Defense Defense Time % Phy DF OF
1 Alex Petrovic Bryce Lampman 60 1 3 1
2 Philip Larsen Raphael Diaz 40 1 3 1
Penalty Kill - 3 Players Forward
Forward Time % Phy DF OF
1 Dustin Boyd 60 1 4 0
2 Henrik Sedin 40 1 4 0
Penalty Kill - 3 Players Defense
Defense Defense Time % Phy DF OF
1 Philip Larsen Bryce Lampman 60 1 4 0
2 Brady Skjei Raphael Diaz 40 1 4 0
4 vs 4 Forward
Center Wing Time % Phy DF OF
1 Henrik Sedin Claude Giroux 60 0 2 3
2 Frans Nielsen Benoit Pouliot 40 0 2 3
4 vs 4 Defense
Defense Defense Time % Phy DF OF
1 Brady Skjei Bryce Lampman 60 0 2 3
2 Cameron Gaunce Raphael Diaz 40 0 2 3
Last Minutes Offensive
Center Left Wing Right Wing Defense Defense
Henrik Sedin Greg Stewart Claude Giroux Brady Skjei Bryce Lampman
Last Minutes Defensive
Center Left Wing Right Wing Defense Defense
Frans Nielsen Greg Stewart Steve Downie Raphael Diaz Bryce Lampman
Goaltenders
Starting : Kristers Gudlevskis
Backup : Allen York
Extra Forwards
Normal : Claude Giroux, Greg Stewart, Benoit Pouliot - PP : Claude Giroux, Greg Stewart - PK : Steve Downie
Extra Defensemen
Normal : Brady Skjei, Bryce Lampman, Raphael Diaz - PP : Brady Skjei - PK : Raphael Diaz, Bryce Lampman
Penalty Shots
Claude Giroux, Henrik Sedin, Greg Stewart, Benoit Pouliot, Frans Nielsen
Scratches
Mark Stuart (Separated Left Shoulder Injury), Viktor Stalberg (Healthy)
Predators
5 vs 5 Forward
Center Left Wing Right Wing Time % Phy DF OF
1 Ryan Kesler Alexander Ovechkin Mikael Granlund 40 1 2 2
2 Jack Eichel Jaden Schwartz Brendan Gallagher 30 1 2 2
3 Andy Miele Justin Abdelkader Byron Bitz 20 1 2 2
4 Nik Antropov Alex Killorn Mark Pysyk 10 1 2 2
5 vs 5 Defense
Defense Defense Time % Phy DF OF
1 Ryan Mcdonagh Alexander Edler 40 1 2 2
2 John Moore Justin Faulk 33 1 2 2
3 Dmitri Kalinin Nate Schmidt 20 1 2 2
4 Ryan Mcdonagh Alexander Edler 7 1 2 2
PowerPlay Forward
Center Left Wing Right Wing Time % Phy DF OF
1 Ryan Kesler Alexander Ovechkin Mikael Granlund 60 1 1 3
2 Andy Miele Jaden Schwartz Brendan Gallagher 40 1 1 3
PowerPlay Defense
Defense Defense Time % Phy DF OF
1 Ryan Mcdonagh Alexander Edler 60 1 1 3
2 John Moore Justin Faulk 40 1 1 3
Penalty Kill 4 Players Forward
Center Wing Time % Phy DF OF
1 Andy Miele Mark Pysyk 60 1 2 2
2 Jaden Schwartz Byron Bitz 40 1 2 2
Penalty Kill 4 Players Defense
Defense Defense Time % Phy DF OF
1 Ryan Mcdonagh Alexander Edler 60 1 2 2
2 John Moore Nate Schmidt 40 1 1 3
Penalty Kill - 3 Players Forward
Forward Time % Phy DF OF
1 Alexander Ovechkin 60 1 2 2
2 Mikael Granlund 40 1 2 2
Penalty Kill - 3 Players Defense
Defense Defense Time % Phy DF OF
1 Ryan Mcdonagh Alexander Edler 60 1 2 2
2 John Moore Nate Schmidt 40 1 2 2
4 vs 4 Forward
Center Wing Time % Phy DF OF
1 Mikael Granlund Alexander Ovechkin 60 1 2 2
2 Jaden Schwartz Brendan Gallagher 40 1 2 2
4 vs 4 Defense
Defense Defense Time % Phy DF OF
1 Ryan Mcdonagh Alexander Edler 60 1 2 2
2 John Moore Justin Faulk 40 1 2 2
Last Minutes Offensive
Center Left Wing Right Wing Defense Defense
Ryan Kesler Alexander Ovechkin Mikael Granlund Ryan Mcdonagh Alexander Edler
Last Minutes Defensive
Center Left Wing Right Wing Defense Defense
Andy Miele Jaden Schwartz Brendan Gallagher John Moore Ryan Mcdonagh
Goaltenders
Starting : Viktor Fasth
Backup : Anders Lindback
Extra Forwards
Normal : Jack Eichel, Byron Bitz, Nik Antropov - PP : Jack Eichel, Justin Abdelkader - PK : Brendan Gallagher
Extra Defensemen
Normal : Dmitri Kalinin, Nate Schmidt, John Moore - PP : Dmitri Kalinin - PK : Justin Faulk, John Moore
Penalty Shots
Jaden Schwartz, Ryan Kesler, Alexander Ovechkin, Jack Eichel, Ryan Mcdonagh
Scratches
None
% Time on Ice - Canadiens
Lines # - Real PCT - Wanted PCT - Time Play
Normal Forward
1 - 31% - 40% - 12:04
2 - 28% - 30% - 10:36
3 - 25% - 20% - 9:35
4 - 16% - 10% - 6:15
Normal Defense
1 - 39% - 40% - 15:01
2 - 33% - 30% - 12:44
3 - 26% - 20% - 10:06
4 - 2% - 10% - 0:39
PP Forward
1 - 51% - 50% - 5:06
2 - 49% - 50% - 4:49
PP Defense
1 - 52% - 50% - 5:09
2 - 48% - 50% - 4:46
PK Forward
1 - 79% - 60% - 9:10
2 - 21% - 40% - 2:25
PK Defense
1 - 69% - 60% - 8:03
2 - 31% - 40% - 3:32
PK3 Forward
1 - 0% - 60%
2 - 0% - 40%
PK3 Defense
1 - 0% - 60%
2 - 0% - 40%
44 Forward
1 - 0% - 60%
2 - 0% - 40%
44 Defense
1 - 0% - 60%
2 - 0% - 40%
Last Minute Offensive - 0:00
Last Minute Defensive - 0:00
Total
Forward - 60:00
Defense - 60:00
|
% Time on Ice - Predators
Lines # - Real PCT - Wanted PCT - Time Play
Normal Forward
1 - 39% - 40% - 14:56
2 - 26% - 30% - 10:10
3 - 18% - 20% - 7:05
4 - 16% - 10% - 6:19
Normal Defense
1 - 43% - 40% - 16:41
2 - 32% - 33% - 12:21
3 - 23% - 20% - 8:54
4 - 1% - 7% - 0:34
PP Forward
1 - 59% - 60% - 6:47
2 - 41% - 40% - 4:48
PP Defense
1 - 57% - 60% - 6:33
2 - 43% - 40% - 5:02
PK Forward
1 - 72% - 60% - 7:10
2 - 28% - 40% - 2:45
PK Defense
1 - 66% - 60% - 6:31
2 - 34% - 40% - 3:24
PK3 Forward
1 - 0% - 60%
2 - 0% - 40%
PK3 Defense
1 - 0% - 60%
2 - 0% - 40%
44 Forward
1 - 0% - 60%
2 - 0% - 40%
44 Defense
1 - 0% - 60%
2 - 0% - 40%
Last Minute Offensive - 0:00
Last Minute Defensive - 0:00
Total
Forward - 60:00
Defense - 60:00
|
Play-by-Play
1st period
0:01 of 1st period - Ryan Kesler wins face-off versus Henrik Sedin in neutral zone.
0:09 of 1st period - Snap shot by Claude Giroux.
0:09 of 1st period - Stopped by Viktor Fasth without a rebound.
0:10 of 1st period - Ryan Kesler wins face-off versus Henrik Sedin in Predators zone.
1:11 of 1st period - Snap shot by Mikael Granlund.
1:11 of 1st period - Shot Blocked by Claude Giroux.
1:17 of 1st period - Snap shot by Mikael Granlund.
1:17 of 1st period - Stopped by Kristers Gudlevskis without a rebound.
1:18 of 1st period - Brendan Gallagher wins face-off versus Frans Nielsen in Canadiens zone.
1:21 of 1st period - Snap shot by Brendan Gallagher.
1:21 of 1st period - Stopped by Kristers Gudlevskis with a rebound.
1:23 of 1st period - Wrist shot by Jaden Schwartz.
1:23 of 1st period - Shot Misses the Net.
1:25 of 1st period - Slapshot by Justin Faulk.
1:25 of 1st period - Stopped by Kristers Gudlevskis with a rebound.
1:27 of 1st period - Snap shot by Jack Eichel.
1:27 of 1st period - Shot Blocked by Raphael Diaz.
1:29 of 1st period - Wrist shot by Justin Faulk.
1:29 of 1st period - Shot Misses the Net.
1:31 of 1st period - Slapshot by John Moore.
1:31 of 1st period - Stopped by Kristers Gudlevskis without a rebound.
1:32 of 1st period - Pierre-Marc Bouchard wins face-off versus Andy Miele in Canadiens zone.
1:41 of 1st period - Nate Schmidt is hit by Alex Petrovic and loses puck.
1:58 of 1st period - Nate Schmidt is hit by Frans Nielsen and loses puck.
2:05 of 1st period - Snap shot by Benoit Pouliot.
2:05 of 1st period - Shot Misses the Net.
2:07 of 1st period - Slapshot by Raphael Diaz.
2:07 of 1st period - Deflect By Steve Downie.
2:07 of 1st period - Shot Misses the Net.
2:07 of 1st period - Puck is out of play.
2:08 of 1st period - Dustin Boyd wins face-off versus Nik Antropov in Predators zone.
2:23 of 1st period - Snap shot by Dustin Boyd.
2:23 of 1st period - Stopped by Viktor Fasth without a rebound.
2:24 of 1st period - Frans Nielsen wins face-off versus Jack Eichel in Predators zone.
2:27 of 1st period - Snap shot by Benoit Pouliot.
2:27 of 1st period - Shot Misses the Net.
2:49 of 1st period - John Moore is hit by Jordan Szwarz and loses puck.
2:56 of 1st period - Brady Skjei is hit by Byron Bitz and loses puck.
3:13 of 1st period - Slapshot by Greg Stewart.
3:13 of 1st period - Shot Misses the Net.
4:25 of 1st period - Justin Abdelkader is hit by Jordan Szwarz and loses puck.
5:42 of 1st period - Wrist shot by Brett Maclean.
5:42 of 1st period - Shot Blocked by Dmitri Kalinin.
5:44 of 1st period - Slapshot by Raphael Diaz.
5:44 of 1st period - Shot Blocked by Nate Schmidt.
5:46 of 1st period - Wrist shot by Raphael Diaz.
5:46 of 1st period - Deflect By Pierre-Marc Bouchard.
5:46 of 1st period - Shot Blocked by Dmitri Kalinin.
5:46 of 1st period - Puck is out of play.
5:47 of 1st period - Henrik Sedin wins face-off versus Jack Eichel in Predators zone.
6:19 of 1st period - Slapshot by Alexander Ovechkin.
6:19 of 1st period - Stopped by Kristers Gudlevskis without a rebound.
6:20 of 1st period - Frans Nielsen wins face-off versus Ryan Kesler in Canadiens zone.
6:20 of 1st period - Frans Nielsen is hit by Alexander Ovechkin.
6:52 of 1st period - Alex Petrovic is hit by Jaden Schwartz and loses puck.
7:53 of 1st period - Wrist shot by Mikael Granlund.
7:53 of 1st period - Shot Blocked by Raphael Diaz.
8:39 of 1st period - Slapshot by Ryan Mcdonagh.
8:39 of 1st period - Stopped by Kristers Gudlevskis with a rebound.
8:41 of 1st period - Slapshot by Ryan Mcdonagh.
8:41 of 1st period - Shot Blocked by Philip Larsen.
9:21 of 1st period - Bryce Lampman is hit by Ryan Kesler and loses puck.
9:55 of 1st period - Bryce Lampman is hit by Byron Bitz and loses puck.
10:34 of 1st period - Bryce Lampman is hit by Alexander Ovechkin and loses puck.
10:43 of 1st period - Slapshot by Mikael Granlund.
10:43 of 1st period - Shot Misses the Net.
10:45 of 1st period - Slapshot by Dmitri Kalinin.
10:45 of 1st period - Shot Misses the Net.
11:18 of 1st period - Snap shot by Jordan Szwarz.
11:18 of 1st period - Shot Blocked by Alexander Edler.
11:40 of 1st period - Snap shot by Raphael Diaz.
11:40 of 1st period - Shot Misses the Net.
11:42 of 1st period - Backhand shot by Cameron Gaunce.
11:42 of 1st period - Deflect By Mark Pysyk.
11:42 of 1st period - Stopped by Viktor Fasth without a rebound.
11:43 of 1st period - Nick Spaling wins face-off versus Ryan Kesler in Predators zone.
11:48 of 1st period - Wrist shot by Nick Spaling.
11:48 of 1st period - Shot Misses the Net.
11:50 of 1st period - Backhand shot by Alex Petrovic.
11:50 of 1st period - Stopped by Viktor Fasth with a rebound.
11:52 of 1st period - Slapshot by Dustin Boyd.
11:52 of 1st period - Stopped by Viktor Fasth with a rebound.
12:04 of 1st period - Minor Penalty to Mikael Granlund for Tripping.
12:05 of 1st period - Henrik Sedin wins face-off versus Andy Miele in Predators zone.
13:13 of 1st period - Frans Nielsen is hit by Alexander Edler and loses puck.
13:59 of 1st period - Claude Giroux is hit by Mark Pysyk and loses puck.
14:04 of 1st period - Penalty to Mikael Granlund is over, Mikael Granlund is back on ice.
14:40 of 1st period - Minor Penalty to Dustin Boyd for Hooking.
14:41 of 1st period - Mikael Granlund wins face-off versus Frans Nielsen in Canadiens zone.
15:22 of 1st period - Raphael Diaz is hit by Brendan Gallagher.
15:32 of 1st period - Raphael Diaz is hit by Justin Faulk and loses puck.
15:56 of 1st period - Icing by Andy Miele.
15:57 of 1st period - Andy Miele wins face-off versus Steve Downie in Predators zone.
16:40 of 1st period - Penalty to Dustin Boyd is over, Dustin Boyd is back on ice.
16:52 of 1st period - Snap shot by Pierre-Marc Bouchard.
16:52 of 1st period - Stopped by Viktor Fasth without a rebound.
16:53 of 1st period - Pierre-Marc Bouchard wins face-off versus Nik Antropov in Predators zone.
17:29 of 1st period - Wrist shot by Brett Maclean.
17:29 of 1st period - Stopped by Viktor Fasth with a rebound.
17:31 of 1st period - Snap shot by Pierre-Marc Bouchard.
17:31 of 1st period - Shot Misses the Net.
17:33 of 1st period - Snap shot by Jordan Szwarz.
17:33 of 1st period - Stopped by Viktor Fasth with a rebound.
17:35 of 1st period - Slapshot by Cameron Gaunce.
17:35 of 1st period - Deflect By Brett Maclean.
17:35 of 1st period - Goal by Brett Maclean - Canadiens : 1 - Predators : 0.
17:36 of 1st period - Ryan Kesler wins face-off versus Claude Giroux in neutral zone.
18:07 of 1st period - Snap shot by Jaden Schwartz.
18:07 of 1st period - Shot Misses the Net.
18:25 of 1st period - Raphael Diaz is hit by Justin Abdelkader and loses puck.
18:34 of 1st period - Snap shot by Andy Miele.
18:34 of 1st period - Shot Blocked by Cameron Gaunce.
18:36 of 1st period - Snap shot by Andy Miele.
18:36 of 1st period - Shot Misses the Net.
18:42 of 1st period - Minor Penalty to Brett Maclean for Goalie Interference.
18:43 of 1st period - Ryan Kesler wins face-off versus Steve Downie in Canadiens zone.
18:58 of 1st period - Slapshot by Ryan Mcdonagh.
18:58 of 1st period - Shot Misses the Net.
19:00 of 1st period - Slapshot by Alexander Edler.
19:00 of 1st period - Stopped by Kristers Gudlevskis without a rebound.
19:01 of 1st period - Andy Miele wins face-off versus Dustin Boyd in Canadiens zone.
19:06 of 1st period - Wrist shot by Andy Miele.
19:06 of 1st period - Stopped by Kristers Gudlevskis without a rebound.
19:07 of 1st period - Andy Miele wins face-off versus Dustin Boyd in Canadiens zone.
19:16 of 1st period - Snap shot by Andy Miele.
19:16 of 1st period - Stopped by Kristers Gudlevskis with a rebound.
19:26 of 1st period - Bryce Lampman is hit by Alexander Edler and loses puck.
19:51 of 1st period - Wrist shot by Mikael Granlund.
19:51 of 1st period - Stopped by Kristers Gudlevskis without a rebound.
19:52 of 1st period - Ryan Kesler wins face-off versus Dustin Boyd in Canadiens zone.
Goals for this period are 1 for Canadiens vs 0 for Predators.
Shots for this period are 9 for Canadiens vs 10 for Predators.
2nd period
0:01 of 2nd period - Dustin Boyd wins face-off versus Ryan Kesler in neutral zone.
0:10 of 2nd period - Slapshot by Ryan Kesler.
0:10 of 2nd period - Shot Misses the Net.
0:12 of 2nd period - Slapshot by Alexander Edler.
0:12 of 2nd period - Goal by Alexander Edler - Canadiens : 1 - Predators : 1.
0:13 of 2nd period - Henrik Sedin wins face-off versus Ryan Kesler in neutral zone.
0:18 of 2nd period - Snap shot by Henrik Sedin.
0:18 of 2nd period - Shot Misses the Net.
0:20 of 2nd period - Slapshot by Greg Stewart.
0:20 of 2nd period - Stopped by Viktor Fasth without a rebound.
0:21 of 2nd period - Henrik Sedin wins face-off versus Ryan Kesler in Predators zone.
0:25 of 2nd period - Minor Penalty to Mikael Granlund for Tripping.
0:26 of 2nd period - Andy Miele wins face-off versus Frans Nielsen in Predators zone.
0:26 of 2nd period - Andy Miele is hit by Steve Downie.
0:51 of 2nd period - Ryan Mcdonagh is hit by Bryce Lampman and loses puck.
1:18 of 2nd period - Snap shot by Jaden Schwartz.
1:18 of 2nd period - Shot Misses the Net.
2:08 of 2nd period - Cameron Gaunce is hit by John Moore and loses puck.
2:23 of 2nd period - Frans Nielsen is hit by Ryan Mcdonagh and loses puck.
2:25 of 2nd period - Penalty to Mikael Granlund is over, Mikael Granlund is back on ice.
3:03 of 2nd period - Brett Maclean is hit by Nik Antropov and loses puck.
3:36 of 2nd period - Greg Stewart is hit by Jaden Schwartz and loses puck.
4:16 of 2nd period - Wrist shot by Brett Maclean.
4:16 of 2nd period - Shot Misses the Net.
4:18 of 2nd period - Snap shot by Brett Maclean.
4:18 of 2nd period - Shot Misses the Net.
4:49 of 2nd period - Minor Penalty to Alex Petrovic for Holding Stick.
4:50 of 2nd period - Ryan Kesler wins face-off versus Dustin Boyd in Canadiens zone.
5:17 of 2nd period - Pierre-Marc Bouchard is hit by Ryan Mcdonagh and loses puck.
5:28 of 2nd period - Snap shot by Brendan Gallagher.
5:28 of 2nd period - Stopped by Kristers Gudlevskis without a rebound.
5:29 of 2nd period - Dustin Boyd wins face-off versus Ryan Kesler in Canadiens zone.
5:53 of 2nd period - Philip Larsen is hit by Andy Miele and loses puck.
6:47 of 2nd period - Bryce Lampman is hit by Alexander Ovechkin and loses puck.
6:49 of 2nd period - Penalty to Alex Petrovic is over, Alex Petrovic is back on ice.
7:02 of 2nd period - Snap shot by Claude Giroux.
7:02 of 2nd period - Shot Misses the Net.
7:58 of 2nd period - Slapshot by Jordan Szwarz.
7:58 of 2nd period - Stopped by Viktor Fasth without a rebound.
7:59 of 2nd period - Henrik Sedin wins face-off versus Andy Miele in Predators zone.
8:27 of 2nd period - Off-side.
8:28 of 2nd period - Henrik Sedin wins face-off versus Ryan Kesler in neutral zone.
8:35 of 2nd period - Slapshot by Nate Schmidt.
8:35 of 2nd period - Shot Blocked by Brady Skjei.
9:16 of 2nd period - Slapshot by Nate Schmidt.
9:16 of 2nd period - Stopped by Kristers Gudlevskis without a rebound.
9:17 of 2nd period - Pierre-Marc Bouchard wins face-off versus Andy Miele in Canadiens zone.
9:17 of 2nd period - Pierre-Marc Bouchard is hit by Justin Abdelkader.
9:35 of 2nd period - Icing by Andy Miele.
9:36 of 2nd period - Andy Miele wins face-off versus Henrik Sedin in Predators zone.
10:03 of 2nd period - John Moore is hit by Benoit Pouliot and loses puck.
10:56 of 2nd period - Wrist shot by Mark Pysyk.
10:56 of 2nd period - Stopped by Kristers Gudlevskis without a rebound.
10:57 of 2nd period - Ryan Kesler wins face-off versus Henrik Sedin in Canadiens zone.
10:58 of 2nd period - Snap shot by Mikael Granlund.
10:58 of 2nd period - Stopped by Kristers Gudlevskis without a rebound.
10:59 of 2nd period - Henrik Sedin wins face-off versus Ryan Kesler in Canadiens zone.
11:30 of 2nd period - Snap shot by Andy Miele.
11:30 of 2nd period - Deflect By Justin Abdelkader.
11:30 of 2nd period - Goal by Justin Abdelkader - Canadiens : 1 - Predators : 2.
11:31 of 2nd period - Henrik Sedin wins face-off versus Ryan Kesler in neutral zone.
11:35 of 2nd period - Minor Penalty to Ryan Kesler for Tripping.
11:36 of 2nd period - Frans Nielsen wins face-off versus Andy Miele in Predators zone.
11:37 of 2nd period - Slapshot by Brady Skjei.
11:37 of 2nd period - Deflect By Benoit Pouliot.
11:37 of 2nd period - Shot Blocked by Ryan Mcdonagh.
11:37 of 2nd period - Puck is out of play.
11:38 of 2nd period - Andy Miele wins face-off versus Frans Nielsen in Predators zone.
11:51 of 2nd period - Wrist shot by Mark Pysyk.
11:51 of 2nd period - Shot Misses the Net.
11:53 of 2nd period - Slapshot by Mark Pysyk.
11:53 of 2nd period - Stopped by Kristers Gudlevskis without a rebound.
11:54 of 2nd period - Andy Miele wins face-off versus Henrik Sedin in Canadiens zone.
11:57 of 2nd period - Wrist shot by Mark Pysyk.
11:57 of 2nd period - Goal by Mark Pysyk - Canadiens : 1 - Predators : 3.
11:58 of 2nd period - Andy Miele wins face-off versus Frans Nielsen in neutral zone.
13:13 of 2nd period - Snap shot by Alexander Ovechkin.
13:13 of 2nd period - Shot Misses the Net.
13:35 of 2nd period - Penalty to Ryan Kesler is over, Ryan Kesler is back on ice.
13:53 of 2nd period - Slapshot by Ryan Kesler.
13:53 of 2nd period - Stopped by Kristers Gudlevskis without a rebound.
13:54 of 2nd period - Ryan Kesler wins face-off versus Pierre-Marc Bouchard in Canadiens zone.
14:21 of 2nd period - Brendan Gallagher is hit by Nick Spaling and loses puck.
14:43 of 2nd period - Snap shot by Andy Miele.
14:43 of 2nd period - Deflect By Benoit Pouliot.
14:43 of 2nd period - Shot Misses the Net.
14:43 of 2nd period - Puck is out of play.
14:44 of 2nd period - Frans Nielsen wins face-off versus Alexander Ovechkin in Canadiens zone.
15:01 of 2nd period - Benoit Pouliot is hit by Ryan Kesler and loses puck.
15:39 of 2nd period - Slapshot by Bryce Lampman.
15:39 of 2nd period - Stopped by Viktor Fasth without a rebound.
15:40 of 2nd period - Henrik Sedin wins face-off versus Jack Eichel in Predators zone.
15:46 of 2nd period - Off-side.
15:47 of 2nd period - Henrik Sedin wins face-off versus Ryan Kesler in neutral zone.
15:51 of 2nd period - Off-side.
15:52 of 2nd period - Ryan Kesler wins face-off versus Henrik Sedin in neutral zone.
15:58 of 2nd period - Icing by Greg Stewart.
15:59 of 2nd period - Henrik Sedin wins face-off versus Ryan Kesler in Canadiens zone.
16:28 of 2nd period - Snap shot by Steve Downie.
16:28 of 2nd period - Stopped by Viktor Fasth with a rebound.
17:14 of 2nd period - Wrist shot by Byron Bitz.
17:14 of 2nd period - Shot Misses the Net.
18:08 of 2nd period - Minor Penalty to Alex Petrovic for Holding.
18:09 of 2nd period - Dustin Boyd wins face-off versus Ryan Kesler in Canadiens zone.
18:20 of 2nd period - Raphael Diaz is hit by Justin Faulk and loses puck.
18:25 of 2nd period - Wrist shot by Alexander Ovechkin.
18:25 of 2nd period - Stopped by Kristers Gudlevskis without a rebound.
18:26 of 2nd period - Ryan Kesler wins face-off versus Dustin Boyd in Canadiens zone.
18:29 of 2nd period - Snap shot by Mikael Granlund.
18:29 of 2nd period - Shot Blocked by Bryce Lampman.
19:12 of 2nd period - Snap shot by Alexander Ovechkin.
19:12 of 2nd period - Shot Blocked by Greg Stewart.
19:14 of 2nd period - Slapshot by John Moore.
19:14 of 2nd period - Stopped by Kristers Gudlevskis with a rebound.
19:16 of 2nd period - Wrist shot by Mikael Granlund.
19:16 of 2nd period - Shot Misses the Net.
19:18 of 2nd period - Wrist shot by Alexander Ovechkin.
19:18 of 2nd period - Shot Blocked by Bryce Lampman.
19:20 of 2nd period - Backhand shot by Mikael Granlund.
19:20 of 2nd period - Shot Blocked by Raphael Diaz.
19:30 of 2nd period - Wrist shot by Alexander Ovechkin.
19:30 of 2nd period - Shot Misses the Net.
19:32 of 2nd period - Snap shot by Alexander Ovechkin.
19:32 of 2nd period - Stopped by Kristers Gudlevskis without a rebound.
19:33 of 2nd period - Andy Miele wins face-off versus Dustin Boyd in Canadiens zone.
Goals for this period are 0 for Canadiens vs 3 for Predators.
Shots for this period are 4 for Canadiens vs 12 for Predators.
3rd period
0:01 of 3rd period - Dustin Boyd wins face-off versus Ryan Kesler in neutral zone.
0:08 of 3rd period - Penalty to Alex Petrovic is over, Alex Petrovic is back on ice.
0:26 of 3rd period - Alexander Edler is hit by Raphael Diaz and loses puck.
0:49 of 3rd period - Snap shot by Byron Bitz.
0:49 of 3rd period - Shot Blocked by Alex Petrovic.
0:51 of 3rd period - Slapshot by Justin Faulk.
0:51 of 3rd period - Goal by Justin Faulk - Canadiens : 1 - Predators : 4.
0:52 of 3rd period - Henrik Sedin wins face-off versus Ryan Kesler in neutral zone.
1:09 of 3rd period - Slapshot by Alexander Ovechkin.
1:09 of 3rd period - Shot Blocked by Bryce Lampman.
1:19 of 3rd period - Alexander Edler is hit by Benoit Pouliot and loses puck.
1:26 of 3rd period - Snap shot by Benoit Pouliot.
1:26 of 3rd period - Shot Blocked by Ryan Mcdonagh.
1:53 of 3rd period - Minor Penalty to Jordan Szwarz for Roughing.
1:54 of 3rd period - Dustin Boyd wins face-off versus Ryan Kesler in Canadiens zone.
1:54 of 3rd period - Dustin Boyd is hit by Alexander Ovechkin.
1:55 of 3rd period - Dustin Boyd from Canadiens is injured at 1:55 of 3rd period (Right Eye).
1:56 of 3rd period - Steve Downie wins face-off versus Ryan Kesler in Canadiens zone.
2:56 of 3rd period - Snap shot by Pierre-Marc Bouchard.
2:56 of 3rd period - Goal by Pierre-Marc Bouchard - Canadiens : 2 - Predators : 4.
2:57 of 3rd period - Frans Nielsen wins face-off versus Ryan Kesler in neutral zone.
3:53 of 3rd period - Penalty to Jordan Szwarz is over, Jordan Szwarz is back on ice.
4:04 of 3rd period - Wrist shot by Alex Killorn.
4:04 of 3rd period - Stopped by Kristers Gudlevskis without a rebound.
4:05 of 3rd period - Nik Antropov wins face-off versus Henrik Sedin in Canadiens zone.
4:10 of 3rd period - Wrist shot by Alex Killorn.
4:10 of 3rd period - Stopped by Kristers Gudlevskis with a rebound.
4:39 of 3rd period - Wrist shot by Ryan Kesler.
4:39 of 3rd period - Deflect By Alexander Ovechkin.
4:39 of 3rd period - Shot Misses the Net.
4:39 of 3rd period - Puck is out of play.
4:40 of 3rd period - Mikael Granlund wins face-off versus Henrik Sedin in Canadiens zone.
4:43 of 3rd period - Snap shot by Mikael Granlund.
4:43 of 3rd period - Shot Blocked by Cameron Gaunce.
4:53 of 3rd period - Alexander Ovechkin is hit by Greg Stewart and loses puck.
5:12 of 3rd period - Wrist shot by Jaden Schwartz.
5:12 of 3rd period - Stopped by Kristers Gudlevskis with a rebound.
5:30 of 3rd period - Wrist shot by Alex Killorn.
5:30 of 3rd period - Stopped by Kristers Gudlevskis without a rebound.
5:31 of 3rd period - Mark Pysyk wins face-off versus Pierre-Marc Bouchard in Canadiens zone.
5:42 of 3rd period - Snap shot by Mark Pysyk.
5:42 of 3rd period - Stopped by Kristers Gudlevskis with a rebound.
6:10 of 3rd period - Minor Penalty to Mikael Granlund for Delaying the game.
6:11 of 3rd period - Frans Nielsen wins face-off versus Andy Miele in Predators zone.
6:55 of 3rd period - Snap shot by Jaden Schwartz.
6:55 of 3rd period - Stopped by Kristers Gudlevskis with a rebound.
8:10 of 3rd period - Penalty to Mikael Granlund is over, Mikael Granlund is back on ice.
8:16 of 3rd period - Benoit Pouliot is hit by John Moore.
8:39 of 3rd period - Off-side.
8:40 of 3rd period - Pierre-Marc Bouchard wins face-off versus Jack Eichel in neutral zone.
10:04 of 3rd period - Icing by Andy Miele.
10:05 of 3rd period - Andy Miele wins face-off versus Steve Downie in Predators zone.
10:05 of 3rd period - Andy Miele is hit by Alex Petrovic.
10:18 of 3rd period - Snap shot by Steve Downie.
10:18 of 3rd period - Stopped by Viktor Fasth with a rebound.
10:20 of 3rd period - Slapshot by Philip Larsen.
10:20 of 3rd period - Deflect By Steve Downie.
10:20 of 3rd period - Shot Misses the Net.
10:20 of 3rd period - Puck is out of play.
10:21 of 3rd period - Jack Eichel wins face-off versus Henrik Sedin in Predators zone.
10:32 of 3rd period - Wrist shot by Claude Giroux.
10:32 of 3rd period - Stopped by Viktor Fasth with a rebound.
10:34 of 3rd period - Wrist shot by Brady Skjei.
10:34 of 3rd period - Stopped by Viktor Fasth with a rebound.
10:36 of 3rd period - Slapshot by Bryce Lampman.
10:36 of 3rd period - Shot Blocked by Nate Schmidt.
10:54 of 3rd period - Off-side.
10:55 of 3rd period - Henrik Sedin wins face-off versus Alexander Ovechkin in neutral zone.
11:17 of 3rd period - Icing by Ryan Mcdonagh.
11:18 of 3rd period - Ryan Kesler wins face-off versus Frans Nielsen in Predators zone.
11:44 of 3rd period - Alexander Ovechkin is hit by Claude Giroux and loses puck.
12:14 of 3rd period - Wrist shot by Nick Spaling.
12:14 of 3rd period - Shot Misses the Net.
12:24 of 3rd period - Icing by Benoit Pouliot.
12:25 of 3rd period - Benoit Pouliot wins face-off versus Mikael Granlund in Canadiens zone.
12:25 of 3rd period - Benoit Pouliot is hit by Alexander Ovechkin.
12:39 of 3rd period - Wrist shot by Mikael Granlund.
12:39 of 3rd period - Shot Blocked by Benoit Pouliot.
12:45 of 3rd period - Ryan Mcdonagh is hit by Benoit Pouliot and loses puck.
12:56 of 3rd period - Mikael Granlund is hit by Raphael Diaz and loses puck.
13:52 of 3rd period - Minor Penalty to Alexander Edler for Roughing.
13:53 of 3rd period - Henrik Sedin wins face-off versus Andy Miele in Predators zone.
14:27 of 3rd period - Brady Skjei is hit by Byron Bitz.
15:52 of 3rd period - Penalty to Alexander Edler is over, Alexander Edler is back on ice.
16:22 of 3rd period - Jordan Szwarz is hit by Alexander Ovechkin and loses puck.
17:01 of 3rd period - Greg Stewart is hit by Mikael Granlund and loses puck.
17:10 of 3rd period - Minor Penalty to Brady Skjei for Hooking.
17:11 of 3rd period - Frans Nielsen wins face-off versus Ryan Kesler in Canadiens zone.
17:22 of 3rd period - Wrist shot by Alexander Ovechkin.
17:22 of 3rd period - Shot Misses the Net.
17:40 of 3rd period - Off-side.
17:41 of 3rd period - Ryan Kesler wins face-off versus Henrik Sedin in neutral zone.
19:10 of 3rd period - Penalty to Brady Skjei is over, Brady Skjei is back on ice.
19:12 of 3rd period - Raphael Diaz is hit by Ryan Kesler and loses puck.
19:27 of 3rd period - Slapshot by Brett Maclean.
19:27 of 3rd period - Shot Misses the Net.
19:31 of 3rd period - Snap shot by Brett Maclean.
19:31 of 3rd period - Stopped by Viktor Fasth with a rebound.
19:33 of 3rd period - Slapshot by Raphael Diaz.
19:33 of 3rd period - Stopped by Viktor Fasth with a rebound.
19:49 of 3rd period - Minor Penalty to Bryce Lampman for Hooking.
19:50 of 3rd period - Frans Nielsen wins face-off versus Andy Miele in Canadiens zone.
Goals for this period are 1 for Canadiens vs 1 for Predators.
Shots for this period are 6 for Canadiens vs 7 for Predators.